 Dungeon Crawl Stone Soup version 0.23.2-33-g5129a83184 (console) character file.

Game seed: 12624019754080092232

207 FlyingSalmon the Shield-Bearer (level 5, -9/33 HPs)
             Began as a Gargoyle Fighter on July 25, 2019.
             Was an Initiate of Okawaru.
             Mangled by an ogre
             ... wielding a cursed -2 giant club
              (13 damage)
             ... on level 4 of the Dungeon.
             The game lasted 00:06:51 (2518 turns).

FlyingSalmon the Shield-Bearer (Gargoyle Fighter)   Turns: 2518, Time: 00:06:52

Health: -9/33      AC: 11    Str: 26    XL:     5   Next: 85%
Magic:  5/5        EV:  8    Int:  8    God:    Okawaru [......]
Gold:   185        SH: 10    Dex:  9    Spells: 4/4 levels left

rFire    . . .     SeeInvis .   a - +0 flail
rCold    . . .     Gourm    .   c - +0 shield
rNeg     + . .     Faith    .   b - +0 scale mail
rPois    ∞         Spirit   .   (no helmet)
rElec    +         Reflect  .   (no cloak)
rCorr    .         Harm     .   (no gloves)
MR       .....                  (no boots)
Stlth    ..........             (no amulet)
HPRegen  0.11/turn              (no ring)
MPRegen  0.09/turn              (no ring)

@: mighty
A: negative energy resistance 1, electricity resistance, unbreathing,
petrification resistance, rot immunity, AC +4
a: Renounce Religion


You were on level 4 of the Dungeon.
You worshipped Okawaru.
Okawaru was noncommittal.
You were hungry.

You visited 1 branch of the dungeon, and saw 4 of its levels.

You collected 185 gold pieces.

Inventory:

Hand Weapons
 a - a +0 flail (weapon)
Missiles
 l - 50 stones (quivered)
Armour
 b - a +0 scale mail (worn)
 c - a +0 shield (worn)
 q - a +0 ring mail
Jewellery
 g - an uncursed ring of protection from cold
 h - a cursed ring of teleportation {unknown}
 i - a cursed ring of teleportation {unknown}
 n - a cursed -2 ring of slaying {unknown}
Scrolls
 k - a scroll of identify
 m - a scroll of fog
 p - a scroll of blinking
 r - a scroll of teleportation
 s - a scroll of remove curse {unknown}
 t - a scroll of amnesia
Potions
 e - 2 potions of mutation {unknown}
 j - a potion of degeneration {unknown}
Comestibles
 f - 9 rations
 o - 3 chunks of flesh


   Skills:
 + Level 3.7 Fighting
 * Level 3.8 Maces & Flails
 * Level 4.3 Armour
 + Level 1.0 Dodging
 * Level 4.5 Shields


You had 4 spell levels left.
You didn't know any spells.
Your spell library was empty.

Dungeon Overview and Level Annotations

Branches:
Dungeon (4/15)
 Temple: D:4-7

Altars:
Cheibriados
Elyvilon
Okawaru


Innate Abilities, Weirdness & Mutations

You are resistant to torment.
Your stone body is resilient. (AC +4)
You are immune to poison.
You resist negative energy. (rN+)
You are resistant to electric shocks. (rElec)
You can survive without breathing.
You are immune to petrification.
You are immune to rotting.


Message History

The ogre barely misses you.
Your scale mail prevents you from hitting the ogre.
The ogre is lightly wounded.
You block the ogre's attack.
You sock the ogre!
The ogre is heavily wounded.
The ogre hits you with a cursed -2 giant club.
You barely miss the ogre.
The ogre is heavily wounded.
You block the ogre's attack.
You sock the ogre!
The ogre is almost dead.
The ogre barely misses you.
You barely miss the ogre.
The ogre is almost dead.
The ogre hits you with a cursed -2 giant club!
* * * LOW HITPOINT WARNING * * *
You feel very mighty all of a sudden.
The ogre hits you with a cursed -2 giant club!
You die...

#<..........##
####..........
#......#.#
##.....#..
###........# #.
#.#..#....##..
###....#.##...
#........##.##
##.......@..##
#..##...O...###..
###..............
###............
##.##.#.....
###..(......
##........
.........
.....(...


You could see an ogre.

Vanquished Creatures
  An ogre (D:3)
  Jessica (D:2)
  3 adders
  An ooze (D:1)
  2 worms
  A dart slug (D:4)
  2 leopard geckos
  5 orcs (D:3)
  A bat (D:3)
  A giant cockroach (D:2)
  7 goblins
  8 hobgoblins
  A ball python (D:2)
  5 frilled lizards
  8 kobolds
  8 rats
55 creatures vanquished.

Notes
Turn   | Place    | Note
-------+----------+-------------------------------------------
     0 | D:1      | FlyingSalmon the Gargoyle Fighter began the quest for the
                  | Orb.
     0 | D:1      | Reached XP level 1. HP: 14/14 MP: 1/1
   287 | D:1      | Reached XP level 2. HP: 19/19 MP: 2/2
   911 | D:2      | Reached XP level 3. HP: 16/23 MP: 3/3
  1257 | D:2      | Noticed Jessica
  1267 | D:2      | Killed Jessica
  1267 | D:2      | Reached XP level 4. HP: 23/29 MP: 4/4
  1725 | D:3      | Noticed an ogre
  1849 | D:3      | Found a white marble altar of Elyvilon.
  2346 | D:3      | Found an iron altar of Okawaru.
  2346 | D:3      | Found a white marble altar of Elyvilon.
  2346 | D:3      | Found a snail-covered altar of Cheibriados.
  2362 | D:3      | Reached XP level 5. HP: 27/33 MP: 5/5
  2377 | D:3      | Killed an ogre
  2377 | D:3      | Reached skill level 1 in Dodging
  2381 | D:3      | Became a worshipper of Warmaster Okawaru
  2499 | D:4      | Noticed an ogre
  2518 | D:4      | Mangled by an ogre

Skill      XL: |  1  2  3  4  5 |
---------------+----------------+-----
Maces & Flails | 3 |  3.8
Shields        | 4 |  4.5
Armour         | 4 |  4.3
Dodging        | 1 |  1.0
Fighting       | |  3.7

Action                   |  1- 3 |  4- 6 || total
-------------------------+-------+-------++-------
Melee: Flail             |   111 |   104 ||   215
Throw: Stone             |     1 |    27 ||    28
  Use: Scroll            |     3 |     2 ||     5
       Potion            |       |     2 ||     2
  Eat: Chunk             |     1 |     4 ||     5
Armor: Scale mail        |    57 |    47 ||   104
Dodge: Dodged            |    25 |    34 ||    59
Block: Shield            |    51 |    45 ||    96
